 Dungeon Crawl Stone Soup version 0.25-a0-589-g1e14c549ee (webtiles) character file.

Game seed: 11216361355013665766, levelgen mode: deterministic

3892 An17 the Grappler (level 10, -2/74 HPs)
             Began as a Red Draconian Transmuter on Mar 9, 2020.
             Was a Follower of Cheibriados.
             Slain by a worker ant (6 damage)
             ... on level 8 of the Dungeon.
             The game lasted 00:29:58 (7297 turns).

An17 the Grappler (Red Draconian Transmuter)        Turns: 7297, Time: 00:29:59

Health: -2/74      AC:  2    Str: 16    XL:     10   Next: 0%
Magic:  19/27      EV: 25    Int: 17    God:    Cheibriados [*.....]
Gold:   366        SH:  4    Dex: 19    Spells: 9/20 levels left

rFire    . . .     SeeInvis .     - Unarmed
rCold    . . .     Gourm    .   (shield currently unavailable)
rNeg     . . .     Faith    .   (armour unavailable)
rPois    x         Spirit   .   (helmet currently unavailable)
rElec    .         Reflect  +   (cloak currently unavailable)
rCorr    .         Harm     .   (gloves currently unavailable)
MR       .....                  (boots currently unavailable)
Stlth    +++.......             y - +4 amulet of reflection
HPRegen  0.22/turn              d - ring of stealth
MPRegen  0.20/turn              H - ring of magical power

@: spider-form, very slow
A: tiny, (breathe fire), unfitting armour, AC +7
a: End Transformation, Bend Time, Renounce Religion


You were on level 8 of the Dungeon.
You worshipped Cheibriados.
Cheibriados was aware of your devotion.
You were not hungry.
You were a venomous arachnid creature.
You visited 2 branches of the dungeon, and saw 9 of its levels.
You also visited: Sewer.

You collected 366 gold pieces.

Inventory:

Hand Weapons
 u - a +1 flail of holy wrath
 x - a +2 war axe of venom
 E - a +2 trident of freezing
Missiles
 a - 173 arrows
 f - 39 poisoned darts
 i - 6 atropa-tipped darts (quivered)
Armour
 m - a +2 pair of gloves (melded)
Jewellery
 d - a ring of stealth (left front leg)
 y - a +4 amulet of reflection (around neck)
 H - a ring of magical power (right front leg)
Wands
 w - a wand of polymorph (6)
 B - a wand of digging (5)
 F - a wand of enslavement (9)
Scrolls
 h - 4 scrolls of teleportation
 j - 2 scrolls of remove curse
 k - 2 scrolls of enchant weapon
 n - a scroll of amnesia
 p - a scroll of blinking
 q - 2 scrolls of fog
 s - 2 scrolls of magic mapping
 t - 3 scrolls of fear
Potions
 b - 6 potions of curing
 e - 5 potions of might
 g - a potion of ambrosia
 l - 4 potions of haste
 o - 2 potions of heal wounds {unknown}
 r - a potion of magic
 v - a potion of stabbing
 z - 3 potions of brilliance
 A - 2 potions of flight {unknown}
 C - a potion of invisibility {unknown}
 D - a potion of lignification {unknown}
 G - a potion of resistance {unknown}
Comestibles
 c - 13 rations


   Skills:
 + Level 2.7 Fighting
 + Level 6.0 Dodging
 - Level 1.2 Stealth
 + Level 10.0 Unarmed Combat
 + Level 5.7 Spellcasting
 + Level 5.3 Transmutations
 + Level 2.7 Poison Magic


You had 9 spell levels left.
You knew the following spells:

 Your Spells              Type           Power        Failure   Level  Hunger
a - Beastly Appendage     Tmut           ###...       7%          1    None
b - Sticks to Snakes      Tmut           ###.....     9%          2    #......
c - Spider Form           Tmut/Pois      ###.......   21%         3    ##.....
d - Blade Hands           Tmut           ###.......   61%         5    ######.

Your spell library contained the following spells:

 Spells                   Type           Power        Failure   Level  Hunger
 Infusion                 Chrm           #...         30%         1    None
 Corpse Rot               Necr/Air       N/A          41%         2    #......
 Ensorcelled Hibernation  Hex/Ice        #.....       41%         2    #......
 Sublimation of Blood     Necr           #.........   41%         2    #......
 Swiftness                Chrm/Air       #.......     41%         2    #......
 Ice Form                 Ice/Tmut       ##......     63%         4    ####...
 Dispel Undead            Necr           #.......     91%         4    ####...
 Agony                    Necr           #.......     99%         5    ######.
 Excruciating Wounds      Chrm/Necr      #.........   99%         5    ######.
 Iskenderun's Battlesphe  Conj/Chrm      #.......     99%         5    ######.
 Deflect Missiles         Chrm/Air       #.........   100%        6    #######


Dungeon Overview and Level Annotations

Branches:
Dungeon (8/15)             Temple (1/1) D:7           Sewer (visited)
   Lair: D:8-11

Altars:
Cheibriados
Dithmenos
Elyvilon
Fedhas
Gozag
Hepliaklqana
Kikubaaqudgha
Makhleb
Nemelex Xobeh
Okawaru
Qazlal
Ru
Sif Muna
Trog
Uskayaw
Vehumet
Wu Jian
Xom
Yredelemnul
Zin
The Shining One


Innate Abilities, Weirdness & Mutations

((You can breathe blasts of fire.))
((Your fiery red scales are hard. (AC +7)))
You cannot fit into any form of body armour.
((Your flesh is heat resistant. (rF+)))
((You are cold-blooded and may be slowed by cold attacks.))


Message History

The eight-headed hydra is moderately wounded.
The eight-headed hydra misses you.
The eight-headed hydra completely misses you.
The eight-headed hydra bites you!! The eight-headed hydra bites you! x2
* * * LOW HITPOINT WARNING * * *
The eight-headed hydra misses you. The eight-headed hydra bites you.
* * * LOW HITPOINT WARNING * * *
The eight-headed hydra completely misses you.
The worker ant barely misses you.
The eight-headed hydra completely misses you.
The eight-headed hydra misses you.
You block the eight-headed hydra's attack.
The eight-headed hydra misses you.
The eight-headed hydra barely misses you.
The eight-headed hydra closely misses you.
The eight-headed hydra bites you!
* * * LOW HITPOINT WARNING * * *
The eight-headed hydra closely misses you.
The worker ant bites you.
You die...

..##.##.###...##.#.##..###....###
#....##[# #..^.....)...# ##...#
###.....###........###.# #.###
..###.......####.#.###.# #.#
#...###...###........... .#
.#....###..##.###..######
#...##..##....###.##
..###.#..###...##.#
####..###.D###..sD## ##.#
###..###.a5### ##JY# ##s.###...#
#)D:u# ###..###.####### {)##u#
###........... #. [[#
#a.###D....... 5. .........
.......... ...........


You could see an eight-headed hydra, a worker ant and a crimson imp.

Vanquished Creatures
  A two-headed ogre (D:8)
  Prince Ribbit (D:6)
  A spriggan (D:7)
  Edmund (D:4)
  Duvessa (D:4)
  A sky beast (D:8)
  An ice beast (D:8)
  An ogre (D:6)
  A phantom (D:5)
  5 centaurs
  Blork the orc (D:6)
  5 bullfrogs
  Dowan (D:4)
  A water moccasin zombie (D:6)
  A scorpion (D:8)
  3 killer bees (D:8)
  An electric eel (D:8)
  2 crimson imps
  A bullfrog zombie (D:5)
  6 hounds
  A quasit (D:8)
  A centaur zombie (D:7)
  2 orc priests (D:5)
  A jelly (D:7)
  A bullfrog skeleton (D:6)
  2 centaur skeletons
  7 orc wizards
  A worker ant (D:4)
  A centaur simulacrum (D:8)
  A hound skeleton (D:5)
  A hound zombie (D:7)
  2 howler monkey skeletons
  5 gnolls
  11 adders
  8 river rats
  A white imp (D:8)
  An ufetubus (D:8)
  3 oozes
  3 worms
  3 dart slugs
  3 leopard geckos
  29 orcs
  4 giant cockroaches
  7 hobgoblins
  7 jackals
  6 quokkas
  14 ball pythons
  8 bats
  10 frilled lizards
  7 goblins
  A jackal skeleton (D:4)
  5 kobolds
  A leopard gecko skeleton (D:5)
  35 rats
229 creatures vanquished.

Vanquished Creatures (others)
  An ufetubus (D:8)
1 creature vanquished.

Grand Total: 230 creatures vanquished

Notes
Turn   | Place    | Note
-------+----------+-------------------------------------------
     0 | D:1      | An17 the Draconian Transmuter began the quest for the Orb.
     0 | D:1      | Reached XP level 1. HP: 16/16 MP: 3/3
    59 | D:1      | Reached skill level 1 in Stealth
    78 | D:1      | Reached XP level 2. HP: 21/23 MP: 1/5
   110 | D:1      | Learned a level 2 spell: Sticks to Snakes
   670 | D:1      | Reached XP level 3. HP: 27/28 MP: 6/6
   675 | D:1      | Learned a level 3 spell: Spider Form
  1186 | D:2      | Reached XP level 4. HP: 21/35 MP: 5/7
  1330 | D:2      | Noticed a centaur
  1353 | D:2      | Killed a centaur
  1353 | D:2      | Reached skill level 4 in Unarmed Combat
  1353 | D:2      | Reached XP level 5. HP: 23/41 MP: 4/8
  1638 | D:3      | Found a glowing drain.
  1698 | Sewer    | Entered a sewer
  2466 | Sewer    | Reached XP level 6. HP: 43/48 MP: 10/10
  2472 | Sewer    | Learned a level 4 spell: Ice Form
  2660 | Sewer    | Reached skill level 5 in Unarmed Combat
  2968 | D:3      | Found a basalt altar of Yredelemnul.
  3000 | D:3      | Your scales start taking on a fiery red colour.
  3000 | D:3      | Reached XP level 7. HP: 38/53 MP: 6/11
  3000 | D:3      | Gained mutation: Your flesh is heat resistant. (rF+) [Red
                  | Draconian growth]
  3477 | D:4      | Found a shadowy altar of Dithmenos.
  3513 | D:4      | Noticed Duvessa
  3514 | D:4      | Noticed Dowan
  3527 | D:4      | Reached skill level 6 in Unarmed Combat
  3594 | D:4      | Killed Duvessa
  3668 | D:4      | Noticed Edmund
  3688 | D:4      | Killed Edmund
  3778 | D:4      | Reached skill level 1 in Poison Magic
  3913 | D:4      | Found a shadowy altar of Dithmenos.
  3919 | D:4      | Reached XP level 8. HP: 59/61 MP: 13/13
  3930 | D:4      | Learned a level 5 spell: Blade Hands
  4107 | D:4      | Killed Dowan
  4107 | D:4      | Reached skill level 7 in Unarmed Combat
  4156 | D:4      | Found a burning altar of Makhleb.
  4298 | D:5      | Entered Level 5 of the Dungeon
  4933 | D:5      | Identified Sif Muna's Collected Works on the Assistive
                  | Glacier
  5002 | D:5      | Found a bloodstained altar of Trog.
  5205 | D:6      | Reached skill level 8 in Unarmed Combat
  5374 | D:6      | Noticed Prince Ribbit
  5390 | D:6      | Killed Prince Ribbit
  5486 | D:6      | Reached skill level 5 in Dodging
  5486 | D:6      | Reached XP level 9. HP: 68/68 MP: 12/15
  5549 | D:6      | Noticed Blork the orc
  5568 | D:6      | Killed Blork the orc
  5969 | D:7      | Found a staircase to the Ecumenical Temple.
  5978 | Temple   | Entered the Ecumenical Temple
  6016 | Temple   | Became a worshipper of Cheibriados the Contemplative
  6050 | D:7      | Reached skill level 9 in Unarmed Combat
  6478 | D:8      | Found a radiant altar of Vehumet.
  6495 | D:8      | Noticed a two-headed ogre
  6510 | D:8      | Killed a two-headed ogre
  6510 | D:8      | Reached * piety under Cheibriados
  6510 | D:8      | Reached skill level 5 in Spellcasting
  6510 | D:8      | Reached skill level 5 in Transmutations
  6846 | D:8      | Noticed a cyan ugly thing
  6846 | D:8      | Noticed a cyan ugly thing
  6846 | D:8      | Noticed an eight-headed hydra
  7184 | D:8      | Reached skill level 10 in Unarmed Combat
  7202 | D:8      | Reached XP level 10. HP: 60/74 MP: 18/18
  7297 | D:8      | Slain by a worker ant

Levels and vault maps discovered:
D:1:      shiori_arrival_oz, layout_basic
D:2:      layout_loops_ring, first_ration, minmay_unequal
D:3:      layout_basic, yredelemnul_altar_generic, cheibrodos_sewer_entry_sluice
D:4:      layout_basic, lemuel_doored_altar, overflow_temple_1_default,
          nicolae_dithmenos_the_darkroom, uniq_duvessa, uniq_edmund
D:5:      layout_rooms, lemuel_coloured_pillars_altar, serial_curves,
          eino_curves_03, eino_curves_01, minmay_checkerbox
D:6:      layout_gridville, nicolae_overflow_hidden_temple, corexii_shack,
          minmay_misc_feat_rugged, uniq_prince_ribbit1, uniq_blork_the_orc
D:7:      layout_loops_ring, minmay_temple_entry_antechambers, the_bakery
D:8:      minmay_the_grid_triangle_9x9_recursive_2
          [minmay_the_grid_triangle_9x9_prize_insulated,
          minmay_the_grid_triangle_9x9_wacky_v,
          minmay_the_grid_triangle_9x9_limited_checkers,
          minmay_the_grid_triangle_9x9_thin_v], layout_loops_ring,
          nicolae_overflow_crystal_walls, serial_ice, serial_ice_d,
          serial_ice_e, serial_ice_c, serial_ice_k, serial_ice_f, serial_ice_a,
          serial_ice_o
Temple:   lightli_temple_of_artemis

Skill      XL: |  1  2  3  4  5  6  7  8  9 |
---------------+----------------------------+-----
Stealth        | 1 |  1.2
Dodging        | 2 3 4 5 6 |  6.0
Unarmed Combat | 4 5 6 8 10 | 10.0
Transmutations | 3 4 5 |  5.3
Spellcasting   | 3 4 5 |  5.7
Fighting       | 2 |  2.7
Poison Magic   | 1 2 |  2.7

Action                   |  1- 3 |  4- 6 |  7- 9 | 10-12 || total
-------------------------+-------+-------+-------+-------++-------
Melee: Unarmed           |   127 |   295 |   361 |     4 ||   787
       Tailslap          |     8 |    17 |    28 |       ||    53
       Kick              |     9 |    11 |    12 |       ||    32
       Headbutt          |     5 |     6 |    11 |       ||    22
       Punch             |     1 |     2 |     2 |       ||     5
 Cast: Beastly Appendage |    15 |    16 |    20 |       ||    51
       Spider Form       |       |     6 |    16 |     1 ||    23
       Blade Hands       |       |       |     3 |       ||     3
 Abil: Breathe Fire      |       |       |     1 |       ||     1
  Use: Scroll            |     9 |     4 |     8 |       ||    21
       Potion            |       |     1 |       |       ||     1
 Stab: Sleeping          |     1 |     3 |     6 |       ||    10
       Distracted        |       |       |       |     1 ||     1
  Eat: Ration            |     1 |     2 |     4 |     1 ||     8
       Chunk             |       |       |     1 |       ||     1
Armor: Skin              |    39 |    90 |    89 |       ||   218
Dodge: Dodged            |   104 |   317 |   288 |    16 ||   725
Block: Other             |       |       |    35 |     2 ||    37
       Reflection        |       |       |     2 |       ||     2

Table legend:
 A = Non-vault XP
 B = Vault XP
 C = Vault XP percentage of total XP
 D = Non-vault monster count
 E = Vault monster count
 F = Vault count percentage of total count
                 A         B        C        D         E       F
            +---------+---------+-------+---------+---------+-------
      Total |    3837 |    1724 |  31.0 |     159 |      70 |  30.6
            +---------+---------+-------+---------+---------+-------
        D:1 |      42 |       3 |   6.7 |      16 |       2 |  11.1
        D:2 |     166 |      20 |  10.8 |      24 |       3 |  11.1
        D:3 |     164 |      20 |  10.9 |      33 |       3 |   8.3
        D:4 |     363 |     389 |  51.7 |      20 |       3 |  13.0
        D:5 |     536 |     158 |  22.8 |      22 |       2 |   8.3
        D:6 |     451 |     386 |  46.1 |      14 |       3 |  17.6
        D:7 |     508 |     211 |  29.3 |      18 |       1 |   5.3
        D:8 |    1607 |     175 |   9.8 |      12 |       5 |  29.4
      Sewer |       0 |     362 | 100.0 |       0 |      48 | 100.0
            +---------+---------+-------+---------+---------+-------
